 Dungeon Crawl Stone Soup version 0.21-a0-426-g98080a9 (webtiles) character file.

224 mastercheaf21 the Cudgeler (level 5, -11/47 HPs)
             Began as a Minotaur Berserker on Nov 6, 2017.
             Was a Believer of Trog.
             Killed by divine providence
             ... invoked by an orc priest
              (17 damage)
             ... on level 4 of the Dungeon.
             The game lasted 00:08:25 (2513 turns).

mastercheaf21 the Cudgeler (Minotaur Berserker)     Turns: 2513, Time: 00:08:26

Health: -11/47     AC: 10    Str: 25    XL:     5   Next: 67%
Magic:  4/4        EV:  9    Int:  4    God:    Trog [**....]
Gold:   116        SH:  0    Dex:  9    Spells: 4/4 levels left

rFire    . . .     SeeInvis .   a - +0 mace
rCold    . . .     Gourm    .   (no shield)
rNeg     . . .     Faith    .   f - +0 chain mail
rPois    .         Spirit   .   m - +2 hat
rElec    .         Reflect  .   (no cloak)
rCorr    .         Harm     .   (no gloves)
MR       .....                  (no boots)
Stlth    ..........             (no amulet)
HPRegen  0.15/turn              o - +2 ring of strength
MPRegen  0.09/turn              (no ring)

@: no status effects
A: retaliatory headbutt, horns 2
a: Berserk, Trog's Hand, Burn Spellbooks, Renounce Religion


You were on level 4 of the Dungeon.
You worshipped Trog.
Trog was pleased with you.
You were very hungry.

You visited 1 branch of the dungeon, and saw 4 of its levels.

You collected 116 gold pieces.

Inventory:

Hand Weapons
 a - a +0 mace (weapon)
 i - a +0 short sword of speed
Missiles
 B - 2 throwing nets (quivered)
Armour
 b - a +0 animal skin
 f - a +0 chain mail (worn)
 h - a +0 leather armour
 m - a +2 hat (worn)
Jewellery
 o - a +2 ring of strength (left hand)
Scrolls
 d - 2 scrolls of fear {unknown}
 e - 4 scrolls of teleportation {unknown}
 k - 2 scrolls of recharging {unknown}
 l - a scroll of magic mapping {unknown}
 p - a scroll of immolation {unknown}
 q - 3 scrolls of remove curse {unknown}
 s - a scroll of noise {unknown}
 u - a scroll of enchant armour {unknown}
 v - a scroll of amnesia {unknown}
 y - 2 scrolls of identify {unknown}
Potions
 g - a potion of might {unknown}
 j - a potion of berserk rage {unknown}
 t - 2 potions of cancellation {unknown}
 w - a potion of resistance {unknown}
 x - a potion of curing {unknown}
 z - a potion of lignification {unknown}
 A - a potion of heal wounds {unknown}
Comestibles
 c - 4 bread rations
 n - 3 meat rations
 r - 3 royal jellies


   Skills:
 + Level 4.9 Fighting
 * Level 6.8 Maces & Flails
 - Level 2.4 Armour
 - Level 2.2 Dodging
 + Level 0.7 Stealth


You had 4 spell levels left.
You didn't know any spells.

Dungeon Overview and Level Annotations

Branches:
Dungeon (4/15)
 Temple: D:4-7

Altars:
Cheibriados


Innate Abilities, Weirdness & Mutations

You reflexively headbutt those who attack you in melee.
You have a pair of horns on your head.


Message History

You feel sick.
The orc priest calls down the wrath of Beogh upon you.
Pain shoots through your body!
You hear an angry hiss.
You feel sick.
You are no longer poisoned.
The orc priest mumbles some strange prayers to Beogh against you.
Pain shoots through your body!
* * * LOW HITPOINT WARNING * * *
You closely miss the orc priest.
The orc priest hits you but does no damage.
You hit the orc priest.
The orc priest is lightly wounded.
The orc priest hits you but does no damage.
You hit the orc priest.
You headbutt the orc priest, but do no damage.
The orc priest is heavily wounded.
The orc priest invokes the aid of Beogh against you.
Beogh smites you!
You die...

#.# #.# ..# #.#
#S# #.# #.# #<#
#.# #.# #.###
#%# #...
#.###########.#
#..........@oS#
#############.#
#... #####


You could see an orc priest and an adder.

Vanquished Creatures
  2 scorpions (D:4)
  An orc wizard (D:4)
  An adder (D:2)
  A worm (D:2)
  4 dart slugs
  5 leopard geckos
  2 orcs (D:4)
  4 bats
  3 giant cockroaches
  7 goblins
  8 hobgoblins
  6 jackals
  A quokka (D:3)
  4 ball pythons
  3 frilled lizards
  7 kobolds
  12 rats
71 creatures vanquished.

Notes
Turn   | Place    | Note
-------+----------+-------------------------------------------
     0 | D:1      | mastercheaf21 the Minotaur Berserker began the quest for the Orb.
     0 | D:1      | Reached XP level 1. HP: 19/19 MP: 0/0
    78 | D:1      | Reached skill level 4 in Maces & Flails
    78 | D:1      | Reached XP level 2. HP: 24/27 MP: 1/1
   280 | D:1      | Reached XP level 3. HP: 11/33 MP: 2/2
   725 | D:1      | Reached ** piety under Trog
  1155 | D:2      | Reached skill level 5 in Maces & Flails
  1267 | D:2      | Reached XP level 4. HP: 41/41 MP: 3/3
  2002 | D:3      | Found a snail-covered altar of Cheibriados.
  2460 | D:4      | Reached skill level 6 in Maces & Flails
  2460 | D:4      | Reached XP level 5. HP: 40/47 MP: 4/4
  2513 | D:4      | Killed from afar by an orc priest

Vault maps used:
D:1:      dpeg_arrival_rhombi, minmay_domino_2
D:2:      first_bread, grunt_decor_one_mirror
D:3:      overflow_temple_1_default
D:4:      old_standard_altar, uniq_crazy_yiuf_cottage

Skill      XL: |  1  2  3  4 |
---------------+-------------+-----
Maces & Flails | 4 5 6 |  6.8
Fighting       | 4 |  4.9
Armour         | |  2.4
Dodging        | |  2.2
Stealth        | |  0.7

Action                   |  1- 3 |  4- 6 || total
-------------------------+-------+-------++-------
Melee: Mace              |    85 |    58 ||   143
       Headbutt          |    17 |     4 ||    21
  Eat: Chunk             |     1 |     3 ||     4
Armor: Animal skin       |     3 |       ||     3
       Leather armour    |    11 |       ||    11
       Chain mail        |    37 |    28 ||    65
Dodge: Dodged            |    87 |    32 ||   119

Table legend:
 A = Spawn XP
 B = Non-spawn XP
 C = Spawn XP percentage of total XP
 D = Spawn monster count
 E = Non-spawn monster count
 F = Spawn count percentage of total count
 G = Total turns spent on level
                    A         B        C        D         E        F      G
               +---------+---------+-------+---------+---------+-------+---------
         Total |       0 |     321 |   0.0 |       0 |      71 |   0.0 |  2513
               +---------+---------+-------+---------+---------+-------+---------
           D:1 |       0 |      59 |   0.0 |       0 |      32 |   0.0 |   892
           D:2 |       0 |      51 |   0.0 |       0 |      20 |   0.0 |   538
           D:3 |       0 |      25 |   0.0 |       0 |      14 |   0.0 |  1023
           D:4 |       0 |     186 |   0.0 |       0 |       5 |   0.0 |    60
               +---------+---------+-------+---------+---------+-------+---------
